 Dungeon Crawl Stone Soup version 0.32-a0-131-g9dbbe29261 (webtiles) character file.

Game seed: 5261230649728948975

772 Azoth the Slasher (level 7, -8/51 (52) HPs)
             Began as a Human Gladiator on Feb 8, 2024.
             Was an Initiate of the Shining One.
             Mangled by Pikel the iguana (11 damage)
             ... on level 4 of the Dungeon.
             The game lasted 00:09:24 (5367 turns).

Azoth the Slasher (Human Gladiator)                 Turns: 5367, Time: 00:09:25

HP:   -8/51 (52)    AC:  6    Str: 14      XL:     7   Next: 83%
MP:   7/7           EV: 12    Int:  9      God:    the Shining One [......]
Gold: 249           SH:  0    Dex:  9 (16) Spells: 6/6 levels left

rFire   . . .        a - +0 long sword
rCold   + . .        (no shield)
rNeg    . . .        b - +0 leather armour
rPois   .            i - +1 helmet
rElec   .            z - +0 cloak
rCorr   .            (no gloves)
SInv    .            (no boots)
Will    .....        (no amulet)
Stlth   +            r - ring of protection from cold
HPRegen 0.28/turn    (no ring)
MPRegen 0.10/turn

%: no passive effects
@: glowing, lightly drained
A: explore regen
a: Renounce Religion


You were on level 4 of the Dungeon.
You worshipped the Shining One.
The Shining One was noncommittal.
You visited 2 branches of the dungeon, and saw 5 of its levels.

You collected 249 gold pieces.

Inventory:

Hand Weapons
 a - a +0 long sword (weapon)
Missiles
 e - a javelin
 q - 5 poisoned darts
 u - 3 boomerangs
 y - 14 stones
Armour
 b - a +0 leather armour (worn)
 i - a +1 helmet (worn)
 z - a +0 cloak (worn)
Jewellery
 j - a ring of fire
 r - a ring of protection from cold (left hand)
Wands
 p - a wand of polymorph (3)
 v - a wand of flame (11)
Scrolls
 c - 2 scrolls of enchant armour {unknown}
 h - a scroll of torment {unknown}
 k - 4 scrolls of identify {unknown}
 m - 2 scrolls of fog {unknown}
 n - a scroll of teleportation {unknown}
 o - a scroll of fear {unknown}
 t - 3 scrolls of immolation {unknown}
 w - a scroll of blinking {unknown}
 A - a scroll of revelation {unknown}
Potions
 f - a potion of attraction {unknown}
 g - a potion of enlightenment {unknown}
 x - a potion of heal wounds {unknown}


   Skills:
 + Level 3.4 Fighting
 * Level 6.5 Long Blades
 + Level 2.7 Throwing
 + Level 3.0 Armour
 + Level 4.6 Dodging
 + Level 0.3 Evocations


You had 6 spell levels left.
You didn't know any spells.
Your spell library contained the following spells:

 Spells                   Type           Power      Damage    Failure   Level
 Slow                     Hex            0%         N/A       45%         1
 Jinxbite                 Hex            0%         N/A       58%         2
 Mercury Vapours          Alch/Air       0%         N/A       58%         2
 Confusing Touch          Hex            0%         N/A       83%         3
 Mephitic Cloud           Conj/Alch/Air  0%         N/A       83%         3
 Sigil of Binding         Hex            0%         N/A       83%         3
 Vampiric Draining        Necr           0%         2d6       83%         3
 Freezing Cloud           Conj/Ice/Air   0%         6-21      100%        5
 Yara's Violent Unravell  Hex/Alch       0%         3d3       100%        5
 Enfeeble                 Hex            0%         N/A       100%        7


Dungeon Overview and Level Annotations

Branches:
Dungeon (4/15)             Temple (1/1) D:4

Altars:
Dithmenos
Elyvilon
Gozag
Kikubaaqudgha
Makhleb
Nemelex Xobeh
Okawaru
Qazlal
Ru
Sif Muna
Trog
Yredelemnul
The Shining One

Annotations:
D:4 Pikel


Innate Abilities, Weirdness & Mutations

You regain HP and MP as you explore.


Message History

* * * LOW HITPOINT WARNING * * *
Aiming: Bolt of Light
Press: ? - help, Q - select action, (/) - cycle Shift-Dir - straight line, f - lemure, p - Pikel
Aim: a lemure (almost dead, blind, unable to see you, haloed, 76% to hit)
The bolt of light hits the lemure!
You kill the lemure!
That felt strangely unrewarding.
Pikel completely misses you.
Aiming: Bolt of Light
Press: ? - help, Q - select action, (/) - cycle Shift-Dir - straight line, f - Pikel
Aim: Pikel, wielding a +0 whip of freezing and wearing a +0 robe (heavily wounded, blind, unable to see you, haloed, 76% to hit)
The bolt of light hits Pikel!
Pikel is severely wounded.
The now-empty wand crumbles to dust.
Pikel misses you.
Aiming: Polymorph
Press: ? - help, Q - select action, (/) - cycle Shift-Dir - straight line, f/p - Pikel
Aim: Pikel, wielding a +0 whip of freezing and wearing a +0 robe (heavily wounded, blind, unable to see you, haloed, will become a fire bat, a naga, or an iguana, chance to affect: 50%) Pikel resists with some effort.
Pikel hits you with a +0 whip of freezing.
* * * LOW HITPOINT WARNING * * *
Aiming: Polymorph
Press: ? - help, Q - select action, (/) - cycle Shift-Dir - straight line, f/p - Pikel
Aim: Pikel, wielding a +0 whip of freezing and wearing a +0 robe (heavily wounded, blind, unable to see you, haloed, will become a fire bat, a naga, or an iguana, chance to affect: 50%) Pikel evaporates and reforms as an iguana!
You hit Pikel.
Pikel is severely wounded.
Pikel closely misses you.
You hit Pikel but do no damage.
Pikel is severely wounded.
Pikel bites you.
* * * LOW HITPOINT WARNING * * *
Unknown command.
Aiming: Throw Flame
Press: ? - help, Q - select action, (/) - cycle Shift-Dir - straight line, f/p - Pikel
Aim: Pikel the iguana (severely wounded, haloed, 82% to hit)
The puff of flame hits Pikel.
Pikel is almost dead.
Pikel bites you!
You die...

##........###............
#.......## ##...........
#.......# ##............
#.......###.............
#.......##..............
#.....###....>..........
########................
### ##.................
#.####.@l.#.............
#...#....##.............
#......#####............
##.....### #............
#........# #............
#........## ##.......###.
#.........# #.####### #.
#.........# ### ##.
#...).....# ####..


You could see Pikel the iguana.

Vanquished Creatures
  Eustachio (D:3)
  2 ogres
  4 lemures
  2 scorpions (D:4)
  Crazy Yiuf (D:3)
  A bombardier beetle (D:4)
  Ijyb (D:3)
  A sleepcap (D:4)
  An orc wizard (D:4)
  Robin (D:4)
  4 gnolls
  9 adders
  2 ufetubi (D:3)
  A ribbon worm (D:3)
  2 dart slugs (D:1)
  3 orcs
  6 ball pythons
  6 endoplasms
  3 giant cockroaches
  10 goblins
  9 hobgoblins
  4 jackals (D:2)
  A quokka (D:1)
  2 bats (D:2)
  3 frilled lizards
  9 kobolds
  7 rats
96 creatures vanquished.

Notes
Turn   | Place    | Note
-------+----------+-------------------------------------------
     0 | D:1      | Azoth the Human Gladiator began the quest for the Orb.
     0 | D:1      | Reached XP level 1. HP: 16/16 MP: 1/1
   163 | D:1      | Reached XP level 2. HP: 3/22 MP: 2/2
   474 | D:1      | Found a faded altar of an unknown god.
   484 | D:1      | Reached XP level 3. HP: 27/27 MP: 3/3
  1170 | D:2      | Reached skill level 4 in Long Blades
  1212 | D:2      | Reached skill level 1 in Armour
  1212 | D:2      | Reached XP level 4. HP: 33/33 MP: 4/4
  1693 | D:3      | Noticed an ogre
  1706 | D:3      | Killed an ogre
  1707 | D:3      | Reached XP level 5. HP: 37/38 MP: 5/5
  2170 | D:3      | Noticed Ijyb
  2610 | D:3      | Reached skill level 5 in Long Blades
  2619 | D:3      | Killed Ijyb
  2620 | D:3      | Reached XP level 6. HP: 43/46 MP: 6/6
  2709 | D:3      | Found a runed translucent door.
  2710 | D:3      | Noticed Crazy Yiuf
  2871 | D:3      | Killed Crazy Yiuf
  3088 | D:4      | Found a staircase to the Ecumenical Temple.
  3097 | Temple   | Entered the Ecumenical Temple
  3150 | Temple   | Became a worshipper of the Shining One
  3221 | D:4      | Reached skill level 6 in Long Blades
  3221 | D:4      | Reached XP level 7. HP: 39/51 MP: 7/7
  3315 | D:4      | Noticed Eustachio
  3603 | D:3      | Killed Eustachio
  4041 | D:3      | HP: 2/52 [lemure[Pikel] (7)]
  5044 | D:4      | Noticed Robin
  5068 | D:4      | Killed Robin
  5335 | D:4      | Noticed Pikel
  5364 | D:4      | Pikel changed into Pikel the iguana
  5364 | D:4      | Noticed Pikel
  5367 | D:4      | Mangled by Pikel the iguana

Illustrated notes

Levels and vault maps discovered:
D:1:      minmay_arrival_pointy, layout_rooms,
          hellmonk_ecumenical_altar_defaced_shrine
D:2:      layout_basic, grunt_ministairs_3, kennysheep_generic_room_4
D:3:      layout_rooms, uniq_ijyb, uniq_crazy_yiuf_cottage
D:4:      layout_cave_pods, minmay_temple_entry_statues_pillars, uniq_eustachio,
          uniq_pikel, uniq_robin
Temple:   oiseaux_autumnal_temple

Skill      XL: |  1  2  3  4  5  6  7 |
---------------+----------------------+-----
Long Blades    | 4 5 6 |  6.5
Armour         | 1 2 3 |  3.0
Dodging        | 4 |  4.6
Fighting       | 3 |  3.4
Throwing       | |  2.7
Evocations     | |  0.3

Action                     |  1- 3 |  4- 6 |  7- 9 || total
---------------------------+-------+-------+-------++-------
  Melee: Long sword        |    73 |   114 |   161 ||   348
         Punch             |     3 |     3 |     8 ||    14
  Throw: Stone             |    13 |     7 |    18 ||    38
         Throwing net      |       |     3 |     2 ||     5
         Dart              |       |     4 |     6 ||    10
         Boomerang         |       |       |    15 ||    15
  Evoke: Wand              |       |     2 |    15 ||    17
    Use: Potion            |       |       |     2 ||     2
   Stab: Sleeping          |     1 |       |       ||     1
         Held in net/web   |       |     1 |       ||     1
 Armour: Leather armour    |    41 |    75 |   236 ||   352
  Dodge: Dodged            |    46 |    90 |   244 ||   380

Table legend: (Time is in decaauts)
 A = Elapsed time spent in this place.
 B = Non-inter-level travel time spent in this place.
 C = Inter-level travel time spent in this place.
 D = Time resting spent in this place.
 E = Time spent auto-exploring this place.
 F = Levels seen in this place.
 G = Mean time per level.
                   A        B        C        D        E       F      G
               +--------+--------+--------+--------+--------+-----+--------+
         Total |   5421 |   5109 |    312 |   1635 |   2426 |   5 | 1084.2 |
       Dungeon |   5337 |   5107 |    230 |   1635 |   2426 |   4 | 1334.2 |
        Temple |     84 |      2 |     82 |      0 |      0 |   1 |   84.0 |
               +--------+--------+--------+--------+--------+-----+--------+

Top non-repeatable levels by time:
     D:3: 1994 daAuts
     D:2: 1312 daAuts
     D:4: 1266 daAuts
     D:1: 763 daAuts
  Temple: 84 daAuts
